 Dungeon Crawl Stone Soup version 0.31-a0-222-gefeffbb62a (webtiles) character file.

Game seed: 178632137543886006

93410 qw the Severer (level 16, -11/103 HPs)
             Began as a Gargoyle Fighter on July 5, 2023.
             Was a High Priest of Okawaru.
             Mangled by an orc knight
             ... wielding a +2 great mace
              (16 damage)
             ... on level 2 of the Orcish Mines.
             The game lasted 00:13:58 (23065 turns).

qw the Severer (Gargoyle Fighter)                  Turns: 23065, Time: 00:13:59

Health: -11/103    AC: 61    Str: 22    XL:     16   Next: 8%
Magic:  23/23      EV: 13    Int: 10    God:    Okawaru [*****.]
Gold:   445        SH: 12    Dex: 13    Spells: 15/15 levels left

rFire   + + .        G - +5 broad axe "Kirotac" {freeze, rPois rC+}
rCold   + . .        c - +0 buckler
rNeg    + + +        e - +14 crystal plate armour of Supple Strength {rF+ Str-5 Dex+4}
rPois   inf          B - +2 helmet
rElec   +            A - scarf {repulsion}
rCorr   .            z - +1 pair of gloves
SInv    +            D - +0 pair of boots of Defence {rF+ rN++ Slay+3}
Will    +....        F - amulet of reflection Stlth
                     J - +5 ring of evasion
HPRegen 0.37/turn    t - ring of see invisible
MPRegen 0.18/turn

%: repel missiles, reflection
@: about to teleport, heroic, flying
A: sickness immunity, AC +12, big wings, negative energy resistance 1,
electricity resistance, torment resistance 1, petrification resistance
a: Renounce Religion, Heroism, Finesse, Duel


You were on level 2 of the Orcish Mines.
You worshipped Okawaru.
Okawaru was extremely pleased with you.
You visited 4 branches of the dungeon, and saw 23 of its levels.
You also visited: Sewer.

You collected 1704 gold pieces.
You spent 1259 gold pieces at shops.


Innate Abilities, Weirdness & Mutations

You are immune to sickness and miasma.
Your stone body is resilient. (AC +12)
You are immune to poison.
Your large and strong wings let you fly.
You resist negative energy. (rN+)
You are resistant to electric shocks. (rElec)
You are resistant to unholy torment.
You are immune to petrification.


   Skills:
 + Level 12.6(17.6) Fighting
 - Level 17.0(22.0) Axes
 - Level 5.1(10.1) Throwing
 - Level 15.0(20.0) Armour
 - Level 3.0(8.0) Dodging
 - Level 8.0(13.0) Shields
 - Level 10.0 Invocations


You had 15 spell levels left.
You didn't know any spells.
Your spell library was empty.

Inventory:

Hand Weapons
 h - a +0 broad axe
 r - the +3 broad axe of Wuntugyr {protect, rN+ Dex+3}
   (You bought it in a shop on level 9 of the Dungeon)

   Dex:       It affects your dexterity (+3).
   rN:        It protects you from negative energy.
 u - a +0 morningstar
 G - the +5 broad axe "Kirotac" (weapon) {freeze, rPois rC+}
   (Okawaru gifted it to you on level 13 of the Dungeon)

   rC:        It protects you from cold.
   rPois:     It protects you from poison.
Missiles
 x - 4 boomerangs
 H - 5 javelins (quivered)
Armour
 c - a +0 buckler (worn)
 e - the +14 crystal plate armour of Supple Strength (worn) {rF+ Str-5 Dex+4}
   (You acquired it on level 6 of the Dungeon)

   Str:       It affects your strength (-5).
   Dex:       It affects your dexterity (+4).
   rF:        It protects you from fire.
 y - a +2 cloak
 z - a +1 pair of gloves (worn)
 A - a scarf of repulsion (worn)
 B - a +2 helmet (worn)
 D - the +0 pair of boots of Defence (worn) {rF+ rN++ Slay+3}
   (You bought it in a shop on level 12 of the Dungeon)

   Slay:      It affects your accuracy & damage with ranged weapons and melee
   (+3).
   rF:        It protects you from fire.
   rN:        It greatly protects you from negative energy.
Jewellery
 t - a ring of see invisible (right hand)
 F - an amulet of reflection (around neck)
 I - a ring of resist corrosion
 J - a +5 ring of evasion (left hand)
 Y - a +4 ring of protection
Scrolls
 f - a scroll of identify
 o - 4 scrolls of teleportation
 w - 2 scrolls of brand weapon
 E - a scroll of enchant weapon
Potions
 a - 4 potions of attraction
 b - 2 potions of mutation
 d - 3 potions of might
 g - a potion of curing
 i - 2 potions of resistance
 m - a potion of haste {unknown}
 n - a potion of enlightenment {unknown}
 p - a potion of cancellation {unknown}
 q - 3 potions of lignification
 s - a potion of berserk rage {unknown}
 C - a potion of magic

Dungeon Overview and Level Annotations

Branches:
Dungeon (15/15)            Temple (1/1) D:7            Lair (5/5) D:9
 Shoals (0/4) Lair:2        Snake (0/4) Lair:2        Slime (0/5) Lair:5
    Orc (2/2) D:9          Vaults (0/5) D:13         Depths (0/4) D:15
  Sewer (visited)
    Elf: Orc:2

Altars:
Ashenzari
Cheibriados
Dithmenos
Elyvilon
Fedhas
Gozag
Hepliaklqana
Kikubaaqudgha
Makhleb
Nemelex Xobeh
Okawaru
Qazlal
Ru
Sif Muna
Trog
Uskayaw
Vehumet
Wu Jian
Xom
Yredelemnul
Zin
The Shining One
Jiyva

Shops:
D:6 =   D:9 (   D:11 *   D:12 *   Orc:2 *(

Annotations:
D:5 3 runed translucent doors, qw's ghost, novice GrFi
D:8 3 runed translucent doors, qw's ghost, novice GrFi; qw's ghost, novice NaHu
D:13 1 transporter
Lair:5 2 runed translucent doors


Message History

The orc sorcerer no longer looks unusually strong.
The hellwing swoops through the air toward you!
You block the hellwing's attack.
The hellwing hits you but does no damage.
The orc wizard gestures at you while chanting.
You resist with almost no effort.
The orc priest invokes the aid of Beogh against you.
Beogh smites you!
The orc knight roars a battlecry!
The orcs go into a battle-frenzy!
The orc priest barely misses you.
You hear a shout!
23063 ||| READING 5 scrolls of teleportation.
As you read the scroll of teleportation, it crumbles to dust.
You feel strangely unstable.
You hear a shout!
The orc priest no longer looks unusually strong. x2
You block the hellwing's attack.
The hellwing hits you but does no damage.
The orc knight unwields a +0 great mace.
The orc knight wields a +0 arbalest.
The orc knight shoots a bolt.
The bolt closely misses you. The orc knight completely misses you.
The orc priest invokes the aid of Beogh against you.
You resist with significant effort.
You closely miss the orc knight.
The orc knight is heavily wounded.
You slash the orc wizard! You freeze the orc wizard. You slash the hellwing!
You freeze the hellwing.
The hellwing hits you but does no damage. x2
You hit the orc wizard. You freeze the orc wizard.
The orc wizard is severely wounded.
You hit the orc knight. You freeze the orc knight.
You hit the hellwing but do no damage.
The orc high priest no longer looks unusually strong.
The orc wizard hits you but does no damage.
The orc priest calls down the wrath of Beogh upon you.
Beogh smites you!
The orc priest looks encouraged for a moment.
The orc knight hits you with a +2 great mace!
You die...

######
##....%##
\.......###
......))).#
..%...).o4##
....0.))o)o##
...%..%ooo@4#
\.%...%o#.o.#
##..%.%.##...#
####..###...#
### ....#
...## ..##
..##


You could see 2 orc knights, an orc high priest, a hellwing (summoned), an ice
devil (summoned), an orc sorcerer (strong), an orc warrior (strong), 2 orc
priests and an orc wizard (strong, invisible).

Vanquished Creatures
  An orc warlord (Orc:1)
  A dire elephant (D:15)
  Josephine (Lair:4)
  A yaktaur captain (D:13)
  8 hydras
  5 centaur warriors
  3 ogre magi (D:15)
  4 boulder beetles
  11 two-headed ogres
  2 orc high priests (Orc:2)
  2 tengu warriors
  Sonja (Lair:5)
  8 skeletal warriors
  An orc knight (Orc:2)
  2 lindwurms (Lair:5)
  A wolf spider zombie (D:12)
  Pikel (D:6)
  3 deep elf pyromancers
  4 ugly things
  3 orc sorcerers
  6 cyclopes
  3 manticores
  3 black mambas
  A salamander (D:15)
  15 elephants
  Joseph (D:8)
  2 molten gargoyles (Lair:5)
  15 cane toads
  5 centaur zombies (D:12)
  2 gargoyles
  2 cane toads (shapeshifter) (D:15)
  2 kobold demonologists
  An unseen horror (D:10)
  5 rime drakes
  12 komodo dragons
  2 yaktaurs (D:13)
  A freezing wraith (D:14)
  A rime drake (shapeshifter) (D:15)
  A tengu conjurer (D:15)
  3 trolls
  Prince Ribbit (D:9)
  Grinder (D:5)
  3 meliai (D:14)
  A polar bear (Lair:2)
  22 blink frogs
  2 meliai zombies (D:12)
  9 slime creatures
  Sigmund (D:4)
  10 wyverns
  4 shadows
  2 vampires
  5 wraiths
  7 basilisks
  13 vampire mosquitoes
  5 steam dragons
  73 yaks
  Edmund (D:4)
  2 nagas (Lair:2)
  2 acid dragons
  5 hell hounds (Lair:5)
  12 water moccasins
  3 ice beasts
  10 orc warriors
  A swamp drake (D:9)
  3 sky beasts
  4 black bears
  7 wolves (Lair:1)
  6 ogres
  4 lemures (D:6)
  7 centaurs
  2 kobold brigands (D:8)
  9 bullfrogs
  3 gnoll sergeants
  3 scorpions
  7 wights
  9 killer bees
  7 howler monkeys
  2 electric eels
  6 jellies
  5 lava snakes (Lair:5)
  4 hounds
  13 orc priests
  5 iguanas
  5 sleepcaps
  15 orc wizards
  6 hell rats (Lair:4)
  7 adders
  12 gnolls
  4 river rats (Sewer)
  A shadow imp (D:8)
  2 white imps (D:8)
  5 worms
  5 dart slugs
  70 orcs
  9 ball pythons
  9 bats
  7 endoplasms
  7 giant cockroaches
  7 hobgoblins
  A jackal (Sewer)
  6 quokkas
  2 frilled lizards
  5 goblins
  4 kobolds
  11 rats
647 creatures vanquished.

Vanquished Creatures (others)
  2 orcs
2 creatures vanquished.

Grand Total: 649 creatures vanquished

Notes
Turn   | Place    | Note
-------+----------+-------------------------------------------
     0 | D:1      | qw the Gargoyle Fighter began the quest for the Orb.
     0 | D:1      | Reached XP level 1. HP: 14/14 MP: 1/1
     0 | D:1      | 0 ||| qw: Version: 0.3-a-46-gb1f654a
     0 | D:1      | 0 ||| qw: Game counter: 1063
     0 | D:1      | 0 ||| qw: Melee chars always use a shield: true
     0 | D:1      | 0 ||| qw: God list: Okawaru
     0 | D:1      | 0 ||| qw: Allow faded altars: false
     0 | D:1      | 0 ||| qw: Do Orc after clearing Dungeon:15 true
     0 | D:1      | 0 ||| qw: Do second Lair branch before Depths: true
     0 | D:1      | 0 ||| qw: Lair rune preference: random
     0 | D:1      | 0 ||| qw: Goals: Normal, Zot:1-4, Slime:5, God:TSO, Crypt,
                  | Tomb, Abyss, Pan, Hells, Win
     0 | D:1      | 0 ||| PLANNING D:1-11
   110 | D:1      | Reached skill level 2 in Axes
   151 | D:1      | 151 ||| Stepping ~*~*~tactically~*~*~ (stealth).
   167 | D:1      | Reached XP level 2. HP: 18/19 MP: 2/2
   247 | D:1      | 247 ||| Stepping ~*~*~tactically~*~*~ (stealth).
   418 | D:1      | 418 ||| Stepping ~*~*~tactically~*~*~ (hiding).
   452 | D:1      | Reached skill level 3 in Axes
   511 | D:1      | Reached XP level 3. HP: 23/23 MP: 3/3
   842 | D:1      | 842 ||| DROPPING ring of magical power.
   843 | D:1      | 843 ||| READING scroll labelled VAGAARH QEIDEB.
   847 | D:1      | 847 ||| READING scroll labelled GOYSYCA FUVVOI.
   938 | D:2      | 938 ||| Stepping ~*~*~tactically~*~*~ (stealth).
   947 | D:2      | 947 ||| Stepping ~*~*~tactically~*~*~ (stealth).
  1142 | D:2      | 1142 ||| Stepping ~*~*~tactically~*~*~ (stealth).
  1214 | D:2      | Reached XP level 4. HP: 27/28 MP: 4/4
  1250 | D:2      | 1250 ||| DROPPING +0 club.
  1306 | D:2      | 1306 ||| Stepping ~*~*~tactically~*~*~ (hiding).
  1310 | D:2      | 1310 ||| Stepping ~*~*~tactically~*~*~ (hiding).
  1312 | D:2      | 1312 ||| Stepping ~*~*~tactically~*~*~ (hiding).
  1320 | D:2      | Reached skill level 4 in Axes
  1917 | D:2      | 1917 ||| READING scroll labelled KOOTOI JOERORE.
  1918 | D:2      | 1918 ||| READING scroll labelled YPHUACU SINTUN.
  1919 | D:2      | 1919 ||| READING scroll labelled IMUBUM MAXTOO.
  1920 | D:2      | 1920 ||| DRINKING 3 brown potions.
  1954 | D:3      | 1954 ||| PLANNING SEWER
  1996 | D:3      | 1996 ||| Stepping ~*~*~tactically~*~*~ (stealth).
  1998 | D:3      | 1998 ||| Stepping ~*~*~tactically~*~*~ (stealth).
  2065 | D:3      | 2065 ||| Stepping ~*~*~tactically~*~*~ (stealth).
  2075 | D:3      | Found a glowing drain.
  2076 | D:3      | 2076 ||| UPGRADING to +1 ring mail of cold resistance.
  2098 | Sewer    | Entered a sewer
  2146 | Sewer    | 2146 ||| Stepping ~*~*~tactically~*~*~ (water).
  2269 | Sewer    | 2269 ||| Stepping ~*~*~tactically~*~*~ (water).
  2302 | Sewer    | 2302 ||| Stepping ~*~*~tactically~*~*~ (water).
  2330 | Sewer    | 2330 ||| READING scroll labelled IGEAV PIGUFAPE.
  2336 | Sewer    | 2336 ||| READING 2 scrolls of identify.
  2336 | Sewer    | 2336 ||| IDENTIFYING clear potion
  2347 | Sewer    | Reached XP level 5. HP: 32/32 MP: 5/5
  2431 | Sewer    | Reached skill level 5 in Axes
  2446 | Sewer    | 2446 ||| READING scroll labelled SEKHEK AMOVVOI.
  2447 | Sewer    | 2447 ||| READING scroll labelled DIFEME AGYER.
  2455 | D:3      | 2455 ||| PLANNING D:1-11
  2663 | D:3      | Reached skill level 1 in Dodging
  2867 | D:3      | 2867 ||| Stepping ~*~*~tactically~*~*~ (hiding).
  2894 | D:3      | Reached XP level 6. HP: 24/38 MP: 6/6
  3174 | D:3      | 3174 ||| DROPPING orb of guile.
  3175 | D:3      | 3175 ||| READING scroll labelled OMAL TAMACI.
  3228 | D:4      | Found a white marble altar of Elyvilon.
  3238 | D:4      | Found a hazy altar of Hepliaklqana.
  3291 | D:4      | Noticed Edmund
  3304 | D:4      | Killed Edmund
  3336 | D:4      | 3336 ||| Stepping ~*~*~tactically~*~*~ (stealth).
  3342 | D:4      | 3342 ||| Stepping ~*~*~tactically~*~*~ (stealth).
  3612 | D:4      | Noticed Sigmund
  3615 | D:4      | 3615 ||| DRINKING 3 potions of curing.
  3615 | D:4      | 3615 ||| (to cure confusion)
  3620 | D:4      | 3620 ||| DRINKING 2 potions of curing.
  3620 | D:4      | 3620 ||| (to cure confusion)
  3621 | D:4      | Killed Sigmund
  3622 | D:4      | Reached skill level 6 in Axes
  3622 | D:4      | Reached XP level 7. HP: 42/44 MP: 7/7
  3700 | D:4      | 3700 ||| Stepping ~*~*~tactically~*~*~ (hiding).
  3738 | D:4      | Found a shadowy altar of Dithmenos.
  4083 | D:4      | 4083 ||| DROPPING +0 scale mail.
  4084 | D:4      | 4084 ||| UPGRADING to +0 chain mail.
  4094 | D:4      | 4094 ||| READING 3 scrolls labelled GECOSHR XI AMI.
  4095 | D:4      | 4095 ||| DRINKING 2 fizzy red potions.
  4096 | D:4      | 4096 ||| READING 2 scrolls of identify.
  4096 | D:4      | 4096 ||| IDENTIFYING ruby potion
  4097 | D:4      | 4097 ||| DROPPING potion of brilliance.
  4098 | D:4      | 4098 ||| DROPPING 2 scrolls of immolation.
  4121 | D:5      | Entered Level 5 of the Dungeon
  4121 | D:5      | Found a basalt altar of Yredelemnul.
  4129 | D:5      | 4129 ||| STAIRDANCE
  4165 | D:5      | Reached skill level 7 in Axes
  4165 | D:5      | Reached XP level 8. HP: 33/49 MP: 8/8
  4178 | D:5      | Noticed Grinder
  4179 | D:5      | 4179 ||| FLEEEEING.
  4180 | D:5      | 4180 ||| STAIRDANCE
  4311 | D:5      | Killed Grinder
  4312 | D:5      | Reached skill level 8 in Axes
  4337 | D:5      | 4337 ||| FLEEEEING.
  4338 | D:5      | 4338 ||| FLEEEEING.
  4340 | D:5      | 4340 ||| STAIRDANCE
  4386 | D:5      | 4386 ||| Stepping ~*~*~tactically~*~*~ (stealth).
  4391 | D:5      | 4391 ||| Stepping ~*~*~tactically~*~*~ (stealth).
  4392 | D:5      | 4392 ||| Stepping ~*~*~tactically~*~*~ (stealth).
  4514 | D:5      | 4514 ||| FLEEEEING.
  4515 | D:5      | 4515 ||| FLEEEEING.
  4516 | D:5      | 4516 ||| STAIRDANCE
  4524 | D:5      | Reached skill level 6 in Fighting
  4568 | D:5      | 4568 ||| Stepping ~*~*~tactically~*~*~ (hiding).
  4569 | D:5      | 4569 ||| Stepping ~*~*~tactically~*~*~ (hiding).
  4573 | D:5      | 4573 ||| Stepping ~*~*~tactically~*~*~ (hiding).
  4668 | D:5      | Found a runed translucent gate.
  4670 | D:5      | Found a runed translucent gate.
  4671 | D:5      | Found a runed translucent gate.
  4747 | D:5      | Noticed qw's ghost (novice GrFi)
  4778 | D:5      | Reached skill level 1 in Throwing
  5220 | D:6      | Found a glowing golden altar of the Shining One.
  5265 | D:6      | Reached skill level 9 in Axes
  5265 | D:6      | Reached XP level 9. HP: 55/55 MP: 9/9
  5268 | D:6      | Found a burning altar of Makhleb.
  5376 | D:6      | 5376 ||| Stepping ~*~*~tactically~*~*~ (stealth).
  5382 | D:6      | Noticed Pikel
  5394 | D:6      | HP: 12/55 [Pikel/+1 whip of freezing (3)]
  5395 | D:6      | 5395 ||| READING scroll of teleportation.
  5396 | D:6      | 5396 ||| DRINKING potion of heal wounds.
  5572 | D:6      | Killed Pikel
  5578 | D:6      | 5578 ||| Stepping ~*~*~tactically~*~*~ (stealth).
  5697 | D:6      | 5697 ||| Stepping ~*~*~tactically~*~*~ (stealth).
  5922 | D:6      | Found Zysa's Jewellery Boutique.
  5926 | D:6      | 5926 ||| SHOPLISTING +6 ring of strength (504 gold, have
                  | 319).
  5926 | D:6      | 5926 ||| SHOPLISTING amulet of faith (560 gold, have 319).
  5926 | D:6      | 5926 ||| SHOPLISTING amulet of the acrobat (420 gold, have
                  | 319).
  5926 | D:6      | 5926 ||| SHOPLISTING ring "Vesm" {Fire Will+ Str-5 SInv}
                  | (438 gold, have 319).
  5965 | D:6      | 5965 ||| DROPPING +1 ring mail of cold resistance.
  5966 | D:6      | 5966 ||| UPGRADING to +0 plate armour.
  5976 | D:6      | 5976 ||| DROPPING +0 chain mail.
  5977 | D:6      | 5977 ||| READING scroll of enchant armour.
  5977 | D:6      | 5977 ||| ENCHANTING +0 plate armour.
  5978 | D:6      | 5978 ||| READING scroll labelled QEIR VILAO.
  5978 | D:6      | Identified a scroll of acquirement
  5978 | D:6      | 5978 ||| ACQUIRING +14 crystal plate armour of Supple
                  | Strength {rF+ Str-5 Dex+4}
  5978 | D:6      | Acquired the +14 crystal plate armour of Supple Strength
                  | {rF+ Str-5 Dex+4}
  5980 | D:6      | 5980 ||| UPGRADING to +14 crystal plate armour of Supple
                  | Strength {rF+ Str-5 Dex+4}.
  5990 | D:6      | 5990 ||| DROPPING +1 plate armour.
  5991 | D:6      | 5991 ||| DRINKING 2 lumpy ruby potions.
  6020 | D:6      | 6020 ||| READING 2 scrolls of identify.
  6020 | D:6      | 6020 ||| IDENTIFYING sedimented grey potion
  6053 | D:7      | 6053 ||| DRINKING potion of curing.
  6053 | D:7      | 6053 ||| (to cure confusion)
  6060 | D:7      | Reached skill level 6 in Armour
  6090 | D:7      | Found a staircase to the Ecumenical Temple.
  6091 | D:7      | 6091 ||| PLANNING TEMPLE
  6099 | Temple   | Entered the Ecumenical Temple
  6100 | Temple   | 6100 ||| PLANNING OKAWARU WORSHIP
  6162 | Temple   | Became a worshipper of Warmaster Okawaru
  6163 | Temple   | 6163 ||| PLANNING D:1-11
  6492 | D:7      | Reached XP level 10. HP: 55/63 MP: 10/10
  6968 | D:7      | 6968 ||| Stepping ~*~*~tactically~*~*~ (hiding).
  6980 | D:7      | Reached * piety under Okawaru
  6981 | D:7      | Reached skill level 10 in Axes
  7139 | D:7      | 7139 ||| READING scroll labelled NADIEMO NUVET.
  7140 | D:7      | 7140 ||| READING 2 scrolls labelled IXEER SUVOIPN.
  7141 | D:7      | 7141 ||| READING scroll of enchant weapon.
  7141 | D:7      | 7141 ||| ENCHANTING +1 war axe of freezing.
  7142 | D:7      | 7142 ||| READING scroll labelled IPLYMI FONIAR.
  7266 | D:8      | 7266 ||| Stepping ~*~*~tactically~*~*~ (hiding).
  7311 | D:8      | Reached skill level 1 in Invocations
  7421 | D:8      | 7421 ||| Stepping ~*~*~tactically~*~*~ (stealth).
  7427 | D:8      | 7427 ||| Stepping ~*~*~tactically~*~*~ (stealth).
  7430 | D:8      | 7430 ||| INVOKING Heroism.
  7439 | D:8      | HP: 15/63 [steam dragon (3)]
  7440 | D:8      | 7440 ||| READING scroll of teleportation.
  7441 | D:8      | 7441 ||| DRINKING potion of heal wounds.
  7446 | D:8      | 7446 ||| INVOKING Heroism.
  7449 | D:8      | Noticed a kobold demonologist
  7450 | D:8      | Reached skill level 3 in Invocations
  7465 | D:8      | 7465 ||| INVOKING Heroism.
  7473 | D:8      | Noticed a soul eater
  7477 | D:8      | Killed a kobold demonologist
  7480 | D:8      | HP: 15/64 [something (7)]
  7484 | D:8      | 7484 ||| Stepping ~*~*~tactically~*~*~ (stealth).
  7491 | D:8      | 7491 ||| INVOKING Heroism.
  7528 | D:8      | 7528 ||| Stepping ~*~*~tactically~*~*~ (stealth).
  7536 | D:8      | 7536 ||| INVOKING Heroism.
  7551 | D:8      | Reached skill level 9 in Armour
  7586 | D:8      | 7586 ||| INVOKING Heroism.
  7693 | D:8      | Noticed Joseph
  7694 | D:8      | 7694 ||| Stepping ~*~*~tactically~*~*~ (hiding).
  7708 | D:8      | 7708 ||| INVOKING Heroism.
  7711 | D:8      | Killed Joseph
  7822 | D:8      | 7822 ||| Stepping ~*~*~tactically~*~*~ (stealth).
  7845 | D:8      | 7845 ||| Stepping ~*~*~tactically~*~*~ (stealth).
  7847 | D:8      | 7847 ||| Stepping ~*~*~tactically~*~*~ (hiding).
  7848 | D:8      | 7848 ||| Stepping ~*~*~tactically~*~*~ (hiding).
  7850 | D:8      | 7850 ||| Stepping ~*~*~tactically~*~*~ (hiding).
  7851 | D:8      | 7851 ||| Stepping ~*~*~tactically~*~*~ (hiding).
  7862 | D:8      | 7862 ||| Stepping ~*~*~tactically~*~*~ (hiding).
  7863 | D:8      | 7863 ||| Stepping ~*~*~tactically~*~*~ (hiding).
  7912 | D:8      | 7912 ||| Stepping ~*~*~tactically~*~*~ (stealth).
  8001 | D:8      | 8001 ||| Stepping ~*~*~tactically~*~*~ (stealth).
  8004 | D:8      | 8004 ||| Stepping ~*~*~tactically~*~*~ (stealth).
  8006 | D:8      | 8006 ||| INVOKING Heroism.
  8022 | D:8      | Reached XP level 11. HP: 57/68 MP: 12/14
  8078 | D:8      | 8078 ||| Stepping ~*~*~tactically~*~*~ (hiding).
  8079 | D:8      | 8079 ||| Stepping ~*~*~tactically~*~*~ (hiding).
  8088 | D:8      | 8088 ||| Stepping ~*~*~tactically~*~*~ (stealth).
  8093 | D:8      | Reached ** piety under Okawaru
  8153 | D:8      | 8153 ||| Stepping ~*~*~tactically~*~*~ (stealth).
  8186 | D:8      | 8186 ||| Stepping ~*~*~tactically~*~*~ (hiding).
  8187 | D:8      | 8187 ||| Stepping ~*~*~tactically~*~*~ (hiding).
  8209 | D:8      | 8209 ||| Stepping ~*~*~tactically~*~*~ (stealth).
  8253 | D:8      | Reached skill level 11 in Axes
  8285 | D:8      | Found a runed translucent gate.
  8285 | D:8      | Found a runed translucent gate.
  8285 | D:8      | Noticed qw's ghost (novice GrFi)
  8286 | D:8      | Found a runed translucent gate.
  8286 | D:8      | Noticed qw's ghost (novice NaHu)
  8462 | D:8      | 8462 ||| Stepping ~*~*~tactically~*~*~ (hiding).
  8464 | D:8      | 8464 ||| INVOKING Heroism.
  8519 | D:8      | 8519 ||| UPGRADING to amulet of the acrobat.
  8524 | D:8      | 8524 ||| UPGRADING to ring of resist corrosion.
  8525 | D:8      | 8525 ||| READING scroll labelled NUQUEKLOENG.
  8574 | D:9      | 8574 ||| Stepping ~*~*~tactically~*~*~ (hiding).
  8611 | D:9      | 8611 ||| INVOKING Heroism.
  8663 | D:9      | Reached skill level 9 in Fighting
  8679 | D:9      | 8679 ||| INVOKING Heroism.
  8713 | D:9      | Found Qiggaesm's Weapon Shoppe.
  8723 | D:9      | 8723 ||| BUYING +0 broad axe (48 gold).
  8723 | D:9      | Bought a +0 broad axe for 48 gold pieces
  8723 | D:9      | 8723 ||| BUYING +3 broad axe of Wuntugyr {protect, rN+
                  | Dex+3} (447 gold).
  8723 | D:9      | Bought the +3 broad axe of Wuntugyr {protect, rN+ Dex+3}
                  | for 447 gold pieces
  8723 | D:9      | 8723 ||| SWAPPING to +3 broad axe of Wuntugyr {protect, rN+
                  | Dex+3}.
  8724 | D:9      | 8724 ||| DROPPING +2 war axe of holy wrath.
  8725 | D:9      | 8725 ||| DROPPING +2 war axe of freezing.
  8760 | D:9      | Found a staircase to the Lair.
  8772 | D:9      | 8772 ||| INVOKING Heroism.
  8875 | D:9      | Noticed Prince Ribbit
  8890 | D:9      | Killed Prince Ribbit
  8919 | D:9      | 8919 ||| INVOKING Heroism.
  8979 | D:9      | 8979 ||| DROPPING +0 flail.
  9044 | D:9      | 9044 ||| Stepping ~*~*~tactically~*~*~ (stealth).
  9339 | D:9      | 9339 ||| Stepping ~*~*~tactically~*~*~ (stealth).
  9341 | D:9      | 9341 ||| Stepping ~*~*~tactically~*~*~ (hiding).
  9357 | D:9      | 9357 ||| Stepping ~*~*~tactically~*~*~ (stealth).
  9359 | D:9      | 9359 ||| Stepping ~*~*~tactically~*~*~ (hiding).
  9363 | D:9      | 9363 ||| INVOKING Heroism.
  9400 | D:9      | Found a staircase to the Orcish Mines.
  9408 | D:9      | 9408 ||| INVOKING Heroism.
  9429 | D:9      | 9429 ||| DROPPING +2 flail of venom.
  9570 | D:9      | 9570 ||| PLANNING LAIR
  9570 | D:9      | 9570 ||| UPGRADING to ring of see invisible.
  9571 | D:9      | 9571 ||| READING 2 scrolls labelled VAYNGI YRIRA.
  9572 | D:9      | 9572 ||| DROPPING scroll of vulnerability.
  9577 | Lair:1   | Entered Level 1 of the Lair of Beasts
  9578 | Lair:1   | 9578 ||| INVOKING Heroism.
  9616 | Lair:1   | 9616 ||| INVOKING Heroism.
  9622 | Lair:1   | Reached skill level 12 in Axes
  9661 | Lair:1   | 9661 ||| Stepping ~*~*~tactically~*~*~ (stealth).
  9662 | Lair:1   | 9662 ||| Stepping ~*~*~tactically~*~*~ (stealth).
  9663 | Lair:1   | 9663 ||| INVOKING Heroism.
  9676 | Lair:1   | 9676 ||| INVOKING Heroism.
  9678 | Lair:1   | Reached skill level 6 in Shields
  9704 | Lair:1   | 9704 ||| Stepping ~*~*~tactically~*~*~ (stealth).
  9715 | Lair:1   | 9715 ||| INVOKING Heroism.
  9755 | Lair:1   | 9755 ||| Stepping ~*~*~tactically~*~*~ (stealth).
  9756 | Lair:1   | 9756 ||| INVOKING Heroism.
  9760 | Lair:1   | Reached XP level 12. HP: 76/76 MP: 12/15
  9872 | Lair:1   | Reached *** piety under Okawaru
  9980 | Lair:1   | 9980 ||| Stepping ~*~*~tactically~*~*~ (stealth).
  9981 | Lair:1   | 9981 ||| Stepping ~*~*~tactically~*~*~ (stealth).
  9984 | Lair:1   | 9984 ||| Stepping ~*~*~tactically~*~*~ (stealth).
 10125 | Lair:1   | 10125 ||| Stepping ~*~*~tactically~*~*~ (hiding).
 10127 | Lair:1   | 10127 ||| Stepping ~*~*~tactically~*~*~ (hiding).
 10166 | Lair:1   | Reached skill level 13 in Axes
 10309 | Lair:1   | Reached **** piety under Okawaru
 10938 | Lair:2   | 10938 ||| INVOKING Heroism.
 11053 | Lair:2   | Noticed a five-headed hydra
 11054 | Lair:2   | 11054 ||| INVOKING Heroism.
 11060 | Lair:2   | 11060 ||| SWAPPING to +0 morningstar.
 11067 | Lair:2   | Killed a five-headed hydra
 11068 | Lair:2   | 11068 ||| SWAPPING to +3 broad axe of Wuntugyr {protect,
                  | rN+ Dex+3}.
 11115 | Lair:2   | 11115 ||| INVOKING Heroism.
 11116 | Lair:2   | 11116 ||| Stepping ~*~*~tactically~*~*~ (stealth).
 11234 | Lair:2   | 11234 ||| INVOKING Heroism.
 11337 | Lair:2   | 11337 ||| Stepping ~*~*~tactically~*~*~ (stealth).
 11354 | Lair:2   | 11354 ||| Stepping ~*~*~tactically~*~*~ (stealth).
 11356 | Lair:2   | 11356 ||| Stepping ~*~*~tactically~*~*~ (hiding).
 11364 | Lair:2   | 11364 ||| Stepping ~*~*~tactically~*~*~ (stealth).
 11399 | Lair:2   | Reached skill level 6 in Invocations
 11444 | Lair:2   | Found a staircase to the Snake Pit.
 11445 | Lair:2   | 11445 ||| Stepping ~*~*~tactically~*~*~ (stealth).
 11447 | Lair:2   | 11447 ||| Stepping ~*~*~tactically~*~*~ (hiding).
 11537 | Lair:2   | Noticed a five-headed hydra
 11538 | Lair:2   | 11538 ||| INVOKING Heroism.
 11544 | Lair:2   | 11544 ||| SWAPPING to +0 morningstar.
 11561 | Lair:2   | Killed a five-headed hydra
 11562 | Lair:2   | Reached XP level 13. HP: 55/82 MP: 17/17
 11562 | Lair:2   | 11562 ||| SWAPPING to +3 broad axe of Wuntugyr {protect,
                  | rN+ Dex+3}.
 11739 | Lair:2   | Found a staircase to the Shoals.
 11741 | Lair:2   | 11741 ||| Stepping ~*~*~tactically~*~*~ (hiding).
 11977 | Lair:3   | 11977 ||| INVOKING Heroism.
 11979 | Lair:3   | Reached skill level 14 in Axes
 11987 | Lair:3   | Reached ***** piety under Okawaru
 12191 | Lair:3   | 12191 ||| INVOKING Heroism.
 12362 | Lair:3   | 12362 ||| INVOKING Heroism.
 12363 | Lair:3   | 12363 ||| Stepping ~*~*~tactically~*~*~ (stealth).
 12678 | Lair:3   | 12678 ||| INVOKING Heroism.
 13050 | Lair:4   | Reached skill level 12 in Armour
 13060 | Lair:4   | Reached skill level 9 in Invocations
 13064 | Lair:4   | 13064 ||| FLEEEEING.
 13065 | Lair:4   | 13065 ||| STAIRDANCE
 13098 | Lair:4   | 13098 ||| SWAPPING to +0 morningstar.
 13099 | Lair:4   | 13099 ||| STAIRDANCE
 13101 | Lair:3   | 13101 ||| INVOKING Heroism.
 13114 | Lair:3   | 13114 ||| SWAPPING to +3 broad axe of Wuntugyr {protect,
                  | rN+ Dex+3}.
 13286 | Lair:4   | 13286 ||| INVOKING Heroism.
 13486 | Lair:4   | 13486 ||| Stepping ~*~*~tactically~*~*~ (stealth).
 13609 | Lair:4   | 13609 ||| INVOKING Heroism.
 13723 | Lair:4   | Noticed Josephine
 13751 | Lair:4   | Killed Josephine
 13900 | Lair:4   | 13900 ||| INVOKING Heroism.
 14268 | Lair:5   | Entered Level 5 of the Lair of Beasts
 14280 | Lair:5   | 14280 ||| STAIRDANCE
 14358 | Lair:5   | 14358 ||| SWAPPING to +0 morningstar.
 14359 | Lair:5   | 14359 ||| INVOKING Heroism.
 14360 | Lair:5   | 14360 ||| INVOKING Finesse.
 14367 | Lair:5   | Received a gift from Okawaru
 14368 | Lair:5   | 14368 ||| SWAPPING to +3 broad axe of Wuntugyr {protect,
                  | rN+ Dex+3}.
 14419 | Lair:5   | 14419 ||| INVOKING Heroism.
 14420 | Lair:5   | 14420 ||| INVOKING Finesse.
 14421 | Lair:5   | 14421 ||| SWAPPING to +0 morningstar.
 14433 | Lair:5   | Gained mutation: Your large and strong wings let you fly.
                  | [Gargoyle growth]
 14433 | Lair:5   | Reached XP level 14. HP: 80/90 MP: 14/21
 14433 | Lair:5   | 14433 ||| SWAPPING to +3 broad axe of Wuntugyr {protect,
                  | rN+ Dex+3}.
 14674 | Lair:5   | 14674 ||| Stepping ~*~*~tactically~*~*~ (hiding).
 14676 | Lair:5   | 14676 ||| Stepping ~*~*~tactically~*~*~ (stealth).
 14693 | Lair:5   | 14693 ||| Stepping ~*~*~tactically~*~*~ (stealth).
 14697 | Lair:5   | 14697 ||| Stepping ~*~*~tactically~*~*~ (stealth).
 14724 | Lair:5   | 14724 ||| INVOKING Heroism.
 14854 | Lair:5   | Reached skill level 15 in Axes
 14862 | Lair:5   | 14862 ||| Stepping ~*~*~tactically~*~*~ (stealth).
 14934 | Lair:5   | 14934 ||| Stepping ~*~*~tactically~*~*~ (stealth).
 14937 | Lair:5   | 14937 ||| Stepping ~*~*~tactically~*~*~ (stealth).
 14980 | Lair:5   | Noticed Sonja
 14981 | Lair:5   | 14981 ||| Stepping ~*~*~tactically~*~*~ (stealth).
 14982 | Lair:5   | 14982 ||| INVOKING Finesse.
 15007 | Lair:5   | 15007 ||| Stepping ~*~*~tactically~*~*~ (hiding).
 15011 | Lair:5   | Killed Sonja
 15012 | Lair:5   | Reached skill level 3 in Dodging
 15097 | Lair:5   | 15097 ||| Stepping ~*~*~tactically~*~*~ (stealth).
 15155 | Lair:5   | 15155 ||| Stepping ~*~*~tactically~*~*~ (stealth).
 15293 | Lair:5   | Found a large runed translucent door.
 15293 | Lair:5   | Found a large runed translucent door.
 15321 | Lair:5   | 15321 ||| INVOKING Heroism.
 15382 | Lair:5   | 15382 ||| INVOKING Heroism.
 15493 | Lair:5   | 15493 ||| Stepping ~*~*~tactically~*~*~ (stealth).
 15495 | Lair:5   | 15495 ||| Stepping ~*~*~tactically~*~*~ (stealth).
 15507 | Lair:5   | 15507 ||| Stepping ~*~*~tactically~*~*~ (stealth).
 15546 | Lair:5   | 15546 ||| Stepping ~*~*~tactically~*~*~ (stealth).
 15549 | Lair:5   | 15549 ||| Stepping ~*~*~tactically~*~*~ (stealth).
 15561 | Lair:5   | Received a gift from Okawaru
 15617 | Lair:5   | 15617 ||| Stepping ~*~*~tactically~*~*~ (stealth).
 15627 | Lair:5   | 15627 ||| INVOKING Heroism.
 15860 | Lair:5   | Found a staircase to the Slime Pits.
 15860 | Lair:5   | Found a viscous altar of Jiyva.
 15882 | Lair:5   | Reached skill level 3 in Throwing
 16179 | Lair:5   | 16179 ||| PLANNING D:1-11
 16179 | Lair:5   | 16179 ||| UPGRADING to +0 helmet.
 16184 | Lair:5   | 16184 ||| UPGRADING to +0 pair of gloves.
 16189 | Lair:5   | 16189 ||| READING scroll of enchant armour.
 16189 | Lair:5   | 16189 ||| ENCHANTING +0 pair of gloves.
 16333 | D:10     | Entered Level 10 of the Dungeon
 16470 | D:10     | 16470 ||| Stepping ~*~*~tactically~*~*~ (stealth).
 16697 | D:10     | 16697 ||| Stepping ~*~*~tactically~*~*~ (stealth).
 16701 | D:10     | 16701 ||| Stepping ~*~*~tactically~*~*~ (stealth).
 16717 | D:10     | 16717 ||| Stepping ~*~*~tactically~*~*~ (stealth).
 16718 | D:10     | 16718 ||| Stepping ~*~*~tactically~*~*~ (stealth).
 16719 | D:10     | 16719 ||| Stepping ~*~*~tactically~*~*~ (stealth).
 17092 | D:10     | 17092 ||| Stepping ~*~*~tactically~*~*~ (stealth).
 17094 | D:10     | 17094 ||| Stepping ~*~*~tactically~*~*~ (stealth).
 17324 | D:10     | 17324 ||| UPGRADING to scarf of repulsion.
 17329 | D:10     | 17329 ||| UPGRADING to +2 helmet.
 17339 | D:10     | 17339 ||| DROPPING +0 helmet.
 17628 | D:11     | 17628 ||| Stepping ~*~*~tactically~*~*~ (stealth).
 17630 | D:11     | 17630 ||| Stepping ~*~*~tactically~*~*~ (hiding).
 17798 | D:11     | You are sucked into a shaft and drop 3 floors!
 17810 | D:14     | 17810 ||| INVOKING Heroism.
 17848 | D:14     | 17848 ||| INVOKING Heroism.
 18050 | D:14     | Received a gift from Okawaru
 18116 | D:14     | 18116 ||| INVOKING Heroism.
 18117 | D:14     | 18117 ||| INVOKING Finesse.
 18559 | D:14     | 18559 ||| DROPPING +6 ring of intelligence.
 18568 | D:13     | 18568 ||| Stepping ~*~*~tactically~*~*~ (hiding).
 18620 | D:12     | Found Yvugom's Assorted Antiques.
 18628 | D:12     | 18628 ||| BUYING 2 potions of heal wounds (280 gold).
 18628 | D:12     | Bought 2 potions of heal wounds for 280 gold pieces
 18628 | D:12     | 18628 ||| BUYING amethyst potion (25 gold).
 18628 | D:12     | Bought an amethyst potion for 25 gold pieces
 18628 | D:12     | 18628 ||| BUYING pair of smoking boots (266 gold).
 18628 | D:12     | Bought a pair of smoking boots for 266 gold pieces
 18628 | D:12     | Identified the +0 pair of boots of Defence {rF+ rN++
                  | Slay+3} (You bought it in a shop on level 12 of the
                  | Dungeon)
 18628 | D:12     | 18628 ||| BUYING scroll of teleportation (84 gold).
 18628 | D:12     | Bought a scroll of teleportation for 84 gold pieces
 18640 | D:12     | 18640 ||| INVOKING Heroism.
 18643 | D:12     | Received a gift from Okawaru
 18815 | D:12     | 18815 ||| UPGRADING to +0 pair of boots of Defence {rF+
                  | rN++ Slay+3}.
 18875 | D:11     | Found Woyn's Assorted Antiques.
 18878 | D:11     | 18878 ||| BUYING amethyst potion (25 gold).
 18878 | D:11     | Bought an amethyst potion for 25 gold pieces
 18878 | D:11     | 18878 ||| BUYING scroll of teleportation (84 gold).
 18878 | D:11     | Bought a scroll of teleportation for 84 gold pieces
 19082 | D:11     | Found a shadowy altar of Dithmenos.
 19088 | D:11     | 19088 ||| Stepping ~*~*~tactically~*~*~ (stealth).
 19105 | D:11     | Reached XP level 15. HP: 96/96 MP: 22/22
 19148 | D:11     | 19148 ||| Stepping ~*~*~tactically~*~*~ (hiding).
 19153 | D:11     | 19153 ||| Stepping ~*~*~tactically~*~*~ (hiding).
 19161 | D:11     | 19161 ||| Stepping ~*~*~tactically~*~*~ (hiding).
 19362 | D:11     | 19362 ||| PLANNING D
 19362 | D:11     | 19362 ||| DRINKING 2 amethyst potions.
 19383 | D:12     | Received a gift from Okawaru
 19384 | D:12     | Reached skill level 12 in Fighting
 19389 | D:12     | 19389 ||| STAIRDANCE
 19457 | D:12     | 19457 ||| Stepping ~*~*~tactically~*~*~ (hiding).
 19602 | D:12     | 19602 ||| Stepping ~*~*~tactically~*~*~ (stealth).
 19797 | D:12     | Found the +18 Lear's hauberk
 19847 | D:12     | 19847 ||| Stepping ~*~*~tactically~*~*~ (hiding).
 19849 | D:12     | 19849 ||| Stepping ~*~*~tactically~*~*~ (hiding).
 19850 | D:12     | 19850 ||| Stepping ~*~*~tactically~*~*~ (hiding).
 20248 | D:12     | 20248 ||| DROPPING +1 pair of gloves.
 20266 | D:13     | 20266 ||| INVOKING Heroism.
 20382 | D:13     | Identified the +5 broad axe "Kirotac" {freeze, rPois rC+}
                  | (Okawaru gifted it to you on level 13 of the Dungeon)
 20382 | D:13     | Received a gift from Okawaru
 20383 | D:13     | Found a gate to the Vaults.
 20409 | D:13     | 20409 ||| SWAPPING to +5 broad axe "Kirotac" {freeze, rPois
                  | rC+}.
 20414 | D:13     | 20414 ||| Stepping ~*~*~tactically~*~*~ (stealth).
 20423 | D:13     | 20423 ||| INVOKING Heroism.
 20424 | D:13     | 20424 ||| READING 6 scrolls of teleportation.
 20434 | D:13     | 20434 ||| Stepping ~*~*~tactically~*~*~ (stealth).
 20435 | D:13     | 20435 ||| Stepping ~*~*~tactically~*~*~ (stealth).
 20443 | D:13     | 20443 ||| Stepping ~*~*~tactically~*~*~ (stealth).
 20450 | D:13     | Reached skill level 16 in Axes
 20451 | D:13     | 20451 ||| FLEEEEING.
 20452 | D:13     | 20452 ||| FLEEEEING.
 20453 | D:13     | 20453 ||| Stepping ~*~*~tactically~*~*~ (stealth).
 20454 | D:13     | 20454 ||| Stepping ~*~*~tactically~*~*~ (stealth).
 20461 | D:13     | 20461 ||| Stepping ~*~*~tactically~*~*~ (stealth).
 20462 | D:13     | 20462 ||| Stepping ~*~*~tactically~*~*~ (stealth).
 20471 | D:13     | 20471 ||| Stepping ~*~*~tactically~*~*~ (stealth).
 20473 | D:13     | 20473 ||| Stepping ~*~*~tactically~*~*~ (stealth).
 20556 | D:13     | 20556 ||| Stepping ~*~*~tactically~*~*~ (hiding).
 20720 | D:13     | 20720 ||| READING scroll of acquirement.
 20720 | D:13     | 20720 ||| ACQUIRING +5 ring of evasion
 20720 | D:13     | Acquired a +5 ring of evasion
 20722 | D:13     | 20722 ||| UPGRADING to +4 ring of protection.
 20727 | D:13     | Identified the +9 hand axe "Xofydaf" {heavy, Drain MP+9
                  | Dex+6}
 20766 | D:13     | Found a shimmering blue altar of Sif Muna.
 20770 | D:13     | Found a transporter.
 20969 | D:13     | 20969 ||| DROPPING amulet of guardian spirit.
 20970 | D:13     | 20970 ||| UPGRADING to amulet of reflection.
 20980 | D:13     | 20980 ||| DROPPING amulet of the acrobat.
 20981 | D:13     | 20981 ||| UPGRADING to +5 ring of evasion.
 21077 | D:14     | 21077 ||| Stepping ~*~*~tactically~*~*~ (hiding).
 21111 | D:14     | 21111 ||| INVOKING Heroism.
 21112 | D:14     | 21112 ||| INVOKING Finesse.
 21117 | D:14     | 21117 ||| SWAPPING to +0 morningstar.
 21124 | D:14     | 21124 ||| SWAPPING to +5 broad axe "Kirotac" {freeze, rPois
                  | rC+}.
 21183 | D:14     | 21183 ||| Stepping ~*~*~tactically~*~*~ (hiding).
 21186 | D:14     | 21186 ||| INVOKING Heroism.
 21313 | D:14     | 21313 ||| INVOKING Heroism.
 21636 | D:15     | Entered Level 15 of the Dungeon
 21657 | D:15     | 21657 ||| INVOKING Heroism.
 21658 | D:15     | 21658 ||| INVOKING Finesse.
 21662 | D:15     | 21662 ||| SWAPPING to +0 morningstar.
 21675 | D:15     | 21675 ||| SWAPPING to +5 broad axe "Kirotac" {freeze, rPois
                  | rC+}.
 21748 | D:15     | 21748 ||| Stepping ~*~*~tactically~*~*~ (stealth).
 21750 | D:15     | 21750 ||| INVOKING Heroism.
 21773 | D:15     | Found a staircase to the Depths.
 21802 | D:15     | 21802 ||| Stepping ~*~*~tactically~*~*~ (hiding).
 22029 | D:15     | 22029 ||| INVOKING Heroism.
 22034 | D:15     | Reached skill level 15 in Armour
 22098 | D:15     | 22098 ||| INVOKING Heroism.
 22108 | D:15     | 22108 ||| INVOKING Finesse.
 22111 | D:15     | 22111 ||| SWAPPING to +0 morningstar.
 22120 | D:15     | 22120 ||| SWAPPING to +5 broad axe "Kirotac" {freeze, rPois
                  | rC+}.
 22195 | D:15     | 22195 ||| Stepping ~*~*~tactically~*~*~ (hiding).
 22344 | D:15     | Found a sparkling altar of Nemelex Xobeh.
 22526 | D:15     | 22526 ||| Stepping ~*~*~tactically~*~*~ (stealth).
 22540 | D:15     | Received a gift from Okawaru
 22655 | D:15     | 22655 ||| PLANNING ORC
 22655 | D:15     | 22655 ||| DROPPING amulet of magic regeneration.
 22820 | Orc:1    | Entered Level 1 of the Orcish Mines
 22821 | Orc:1    | 22821 ||| INVOKING Heroism.
 22822 | Orc:1    | Noticed an orc warlord
 22823 | Orc:1    | 22823 ||| INVOKING Finesse.
 22824 | Orc:1    | 22824 ||| Stepping ~*~*~tactically~*~*~ (hiding).
 22847 | Orc:1    | Killed an orc warlord
 22848 | Orc:1    | Reached XP level 16. HP: 80/101 MP: 17/23
 22852 | Orc:1    | 22852 ||| DRINKING 2 potions of curing.
 22852 | Orc:1    | 22852 ||| (to cure confusion)
 23038 | Orc:1    | You are sucked into a shaft and drop 1 floor!
 23038 | Orc:2    | Entered Level 2 of the Orcish Mines
 23038 | Orc:2    | Found Acig's General Store.
 23038 | Orc:2    | Found Tuneib's Weapon Shoppe.
 23039 | Orc:2    | 23039 ||| INVOKING Heroism.
 23046 | Orc:2    | Reached skill level 17 in Axes
 23052 | Orc:2    | HP: 24/101 [orc priest/divine providence (13)]
 23053 | Orc:2    | 23053 ||| READING 6 scrolls of teleportation.
 23054 | Orc:2    | 23054 ||| DRINKING 2 potions of heal wounds.
 23056 | Orc:2    | 23056 ||| DRINKING potion of heal wounds.
 23062 | Orc:2    | HP: 18/103 [orc priest/divine providence (10)]
 23063 | Orc:2    | 23063 ||| READING 5 scrolls of teleportation.
 23065 | Orc:2    | HP: 5/103 [orc priest/divine providence (13)]
 23065 | Orc:2    | Mangled by an orc knight

Levels and vault maps discovered:
D:1:      kilobyte_arrival_exit_the_forest, layout_basic, serial_forest,
          infiniplex_forest_lined_2, infiniplex_forest_diagonal,
          infiniplex_forest_corner_1, infiniplex_forest_straight_4
D:2:      layout_loops_corners, serial_rivers, chequers_serial_rivers_micro_d,
          chequers_serial_rivers_large_a, chequers_serial_rivers_small_3,
          chequers_serial_rivers_micro_c
D:3:      layout_basic, portal_sewer_entry_a, chequers_jeans
D:4:      layout_basic, mainiacjoe_overflow_large_starburst,
          nicolae_overflow_hidden_temple, uniq_edmund, uniq_sigmund
D:5:      layout_cave_pools, mainiacjoe_overflow_tiny_flanked,
          gammafunk_ghost_icy, uniq_grinder
D:6:      layout_cave_pools, mainiacjoe_overflow_two_lobes, serial_shops,
          nicolae_shop_back_alley_shop, uniq_pikel
D:7:      layout_cave_pods, minmay_temple_entry_ruins, minmay_misc_feat_tower,
          minmay_misc_feat_iff
D:8:      minmay_the_grid_octo_tiled_squarecenter
          [minmay_the_grid_octo_concentric, minmay_the_grid_octo_clover_2,
          minmay_the_grid_octo_horde, minmay_the_grid_octo_vomiting_pacman,
          minmay_the_grid_square_5x5_megaprize_diamond,
          minmay_the_grid_square_5x5_eight_small,
          minmay_the_grid_square_5x5_slash,
          minmay_the_grid_square_5x5_sharp_hourglass,
          minmay_the_grid_square_5x5_misaligned], layout_loops_cross,
          gammafunk_ghost_cemetery, kennysheep_crisscross, serial_bayou_ford_a,
          uniq_joseph
D:9:      layout_small_grid, david_lair_shrubbed, erik_orc_1, serial_shops,
          nicolae_lakefront_shop, special_room [special_room_orc],
          uniq_prince_ribbit1
D:10:     gammafunk_indiana_jones, layout_basic, small_statue_alley_a,
          minivault_11
D:11:     layout_basic, serial_shops, nicolae_shop_behind_doors,
          nicolae_dithmenos_shadow_blocks
D:12:     layout_stronghold, serial_undead, serial_undead_e, serial_undead_c,
          serial_undead_e, serial_undead_a, serial_shops, shop,
          serial_bayou_pond_e, hellmonk_guarded_unrand_lears
D:13:     gammafunk_sealed_library, layout_loops_ring, david_vaults_2
D:14:     layout_grid_maze, minmay_misc_feat_x, serial_park_tiny_1
D:15:     hangedman_depths_entry_try_elsewhere_first, layout_loops_cross,
          nemelex_diamond_rough_becter
Temple:   nicolae_temple_x_marks_the_god
Lair:1:   layout_cellular_growth, st_stairs_11, infiniplex_staircase_pool
Lair:2:   layout_concentric_octagons, shoals_dummy_entry,
          guppyfry_snake_entry_island
Lair:3:   layout_layer_cave
Lair:4:   layout_cave_shapes, nicolae_quartered_pool_medium, uniq_josephine
Lair:5:   cheibrodos_lair_end_hotspot, layout_gridlike, slime_entry_1,
          uniq_sonja
Orc:1:    layout_caves, basic_altar, special_room [special_room_orc],
          uniq_maurice
Orc:2:    grunt_orc_tribal_feast, layout_diamond_mine

Skill      XL: |  1  2  3  4  5  6  7  8  9 10 11 12 13 14 15 16 |
---------------+-------------------------------------------------+-----
Axes           | 2 3 4 5 6 7 9 10 12 13 14 15 16 17 | 17.0
Dodging        | 1 2 3 |  3.0
Fighting       | 5 6 7 8 9 10 11 12 | 12.6
Throwing       | 1 2 5 |  5.1
Shields        | 4 5 6 7 8 |  8.0
Armour         | 7 9 10 11 12 14 15 | 15.0
Invocations    | 4 6 10 | 10.0

Action                     |  1- 3 |  4- 6 |  7- 9 | 10-12 | 13-15 | 16-18 || total
---------------------------+-------+-------+-------+-------+-------+-------++-------
  Melee: War axe           |   121 |   160 |   256 |   302 |       |       ||   839
         Broad axe         |       |       |       |   339 |  1103 |    30 ||  1472
         Morningstar       |       |       |       |    24 |    55 |       ||    79
  Throw: Boomerang         |       |    79 |    29 |    19 |    57 |       ||   184
         Javelin           |       |       |       |       |   105 |     5 ||   110
 Invoke: Heroism           |       |       |       |    26 |    28 |     1 ||    55
         Finesse           |       |       |       |       |     8 |       ||     8
    Use: Scroll            |     2 |     8 |     6 |     7 |     3 |     2 ||    28
         Potion            |       |     3 |     4 |     1 |     1 |     3 ||    12
   Stab: Distracted        |       |     1 |       |       |       |       ||     1
         Confused          |       |       |       |     1 |       |       ||     1
 Armour: Scale mail        |    59 |    17 |       |       |       |       ||    76
         Ring mail         |       |    68 |    12 |       |       |       ||    80
         Chain mail        |       |       |   112 |       |       |       ||   112
         Crystal plate arm |       |       |    59 |   619 |  1063 |    28 ||  1769
  Dodge: Dodged            |    59 |    83 |    91 |   135 |   322 |    35 ||   725
         Repelled          |       |       |       |       |     2 |       ||     2
  Block: Buckler           |    22 |    27 |    74 |   196 |   392 |    42 ||   753
         Reflection        |       |       |       |       |     7 |     2 ||     9

Table legend:
 A = Non-vault XP
 B = Vault XP
 C = Vault XP percentage of total XP
 D = Non-vault monster count
 E = Vault monster count
 F = Vault count percentage of total count
                 A         B        C        D         E       F
            +---------+---------+-------+---------+---------+-------
      Total |  104539 |   28905 |  21.7 |     461 |     182 |  28.3
            +---------+---------+-------+---------+---------+-------
        D:1 |      48 |       0 |   0.0 |      25 |       0 |   0.0
        D:2 |      58 |       0 |   0.0 |      17 |       0 |   0.0
        D:3 |     105 |       4 |   3.7 |      12 |       4 |  25.0
        D:4 |     305 |     389 |  56.1 |      20 |       2 |   9.1
        D:5 |     774 |     300 |  27.9 |      12 |       1 |   7.7
        D:6 |    1123 |     607 |  35.1 |      18 |       1 |   5.3
        D:7 |    1482 |       0 |   0.0 |      28 |       0 |   0.0
        D:8 |     949 |    4045 |  81.0 |      11 |      34 |  75.6
        D:9 |    3227 |    1485 |  31.5 |      21 |      43 |  67.2
       D:10 |    2857 |       0 |   0.0 |      24 |       0 |   0.0
       D:11 |    4855 |       0 |   0.0 |      19 |       0 |   0.0
       D:12 |    3902 |    4410 |  53.1 |      14 |      10 |  41.7
       D:13 |   10056 |    1600 |  13.7 |      17 |       3 |  15.0
       D:14 |   11464 |       0 |   0.0 |      21 |       0 |   0.0
       D:15 |   16432 |    2529 |  13.3 |      26 |       4 |  13.3
     Lair:1 |    9080 |     547 |   5.7 |      38 |       3 |   7.3
     Lair:2 |    7557 |     326 |   4.1 |      27 |       2 |   6.9
     Lair:3 |   10424 |       0 |   0.0 |      34 |       0 |   0.0
     Lair:4 |    8273 |    1535 |  15.7 |      33 |       4 |  10.8
     Lair:5 |    9487 |    7010 |  42.5 |      32 |      27 |  45.8
      Orc:1 |    2081 |       0 |   0.0 |      12 |       0 |   0.0
      Orc:2 |       0 |    3973 | 100.0 |       0 |      17 | 100.0
      Sewer |       0 |     145 | 100.0 |       0 |      27 | 100.0
            +---------+---------+-------+---------+---------+-------
